 Dungeon Crawl Stone Soup version 0.24-a0-70-gf44d0c5 (webtiles) character file.

Game seed: 6261429711383713470

85403 galech the Stickfighter (level 15, -1/124 HPs)
             Began as a Demonspawn Fighter on Feb 5, 2019.
             Was the Champion of Okawaru.
             Slain by a green ugly thing (7 damage)
             ... on level 14 of the Dungeon on Feb 6, 2019.
             The game lasted 00:40:02 (23636 turns).

galech the Stickfighter (Demonspawn Fighter)       Turns: 23636, Time: 00:40:02

Health: -1/124     AC: 32    Str: 25    XL:     15   Next: 37%
Magic:  0/16       EV: 16    Int: 16    God:    Okawaru [******]
Gold:   2241       SH:  0    Dex: 18    Spells: 14/14 levels left

rFire    . . .     SeeInvis +   m - +10 quarterstaff of Sajysop {venom, rPois Str+7 Int+5}
rCold    . . .     Gourm    .   (shield currently unavailable)
rNeg     . . .     Faith    .   T - +3 chain mail
rPois    +         Spirit   +   g - +2 helmet
rElec    .         Reflect  .   k - +2 cloak
rCorr    .         Harm     .   J - +0 pair of gloves of Hepliaklqana {MR+ Int+2 Slay+2}
MR       ++...                  O - +2 pair of boots {run}
Stlth    ++........             Z - amulet of regeneration
HPRegen  0.70/turn              X - ring of stealth
MPRegen  0.30/turn              V - ring of see invisible

@: lethally poisoned (-1 -> -8), about to teleport, heroism, slowed, very slow
A: talons 2, molten scales 1, spiny 2, magic shield, magic regeneration,
MP-powered wands
a: Heroism, Finesse, Renounce Religion


You were on level 14 of the Dungeon.
You worshipped Okawaru.
Okawaru was exalted by your worship.
You were not hungry.

You visited 3 branches of the dungeon, and saw 22 of its levels.
You also visited: Sewer.

You collected 2241 gold pieces.

Inventory:

Hand Weapons
 a - a +0 war axe
 d - the +1 lajatang "Seoz" {elec, +Fly}
   (Okawaru gifted it to you on level 6 of the Lair of Beasts)

   Occasionally, upon striking a foe, it will discharge some electrical energy
   and cause terrible harm.
   It lets you fly.
 i - a +2 hand axe of chopping
 m - the +10 quarterstaff of Sajysop (weapon) {venom, rPois Str+7 Int+5}
   (You took it off an orc on level 4 of the Dungeon)

   It poisons the flesh of those it strikes.
   It affects your strength (+7).
   It affects your intelligence (+5).
   It protects you from poison.
 L - a +2 short sword of flaming
Armour
 c - a +0 shield
 g - a +2 helmet (worn)
 k - a +2 cloak (worn)
 w - a +0 leather armour of fire resistance
 D - a +3 ring mail of poison resistance
 J - the +0 pair of gloves of Hepliaklqana (worn) {MR+ Int+2 Slay+2}
   (You found it on level 8 of the Dungeon)

   It affects your intelligence (+2).
   It affects your accuracy and damage with ranged weapons and melee attacks
   (+2).
   It affects your resistance to hostile enchantments.
 K - a +0 chain mail of cold resistance
 O - a +2 pair of boots of running (worn)
 T - a +3 chain mail (worn)
Jewellery
 q - an uncursed ring of flight
 H - an uncursed ring of ice
 P - a +2 ring of intelligence
 V - a ring of see invisible (right hand)
 X - a ring of stealth (left hand)
 Z - an amulet of regeneration (around neck)
Scrolls
 b - 5 scrolls of enchant armour
 e - 2 scrolls of fog
 j - 3 scrolls of fear
 n - 4 scrolls of teleportation
 o - a scroll of noise
 p - 3 scrolls of blinking
 r - 5 scrolls of magic mapping
 u - 13 scrolls of remove curse
 x - 4 scrolls of immolation
 y - 5 scrolls of enchant weapon
 G - a scroll of random uselessness
 Q - a scroll of acquirement
 S - 2 scrolls of amnesia
 Y - a scroll of holy word
Potions
 h - a potion of ambrosia
 l - 7 potions of curing
 s - 6 potions of haste
 t - 3 potions of magic
 v - 3 potions of cancellation
 z - 7 potions of brilliance
 C - 2 potions of heal wounds
 E - 2 potions of lignification
 F - a potion of resistance
 M - 3 potions of might
 N - 2 potions of flight {unknown}
 U - a potion of agility {unknown}
Comestibles
 f - 36 rations
 A - 15 chunks of flesh


   Skills:
 + Level 13.3(18.3) Fighting
 + Level 5.1(10.1) Axes
 + Level 15.6(20.6) Staves
 + Level 12.9(17.9) Armour
 + Level 5.8(10.8) Dodging
 + Level 2.6(7.6) Stealth
 + Level 4.1(9.1) Shields
 + Level 2.6 Invocations


You had 14 spell levels left.
You didn't know any spells.
Your spell library contained the following spells:

 Spells                   Type           Power        Failure   Level  Hunger
 Beastly Appendage        Tmut           #.....       65%         1    ##.....
 Sting                    Conj/Pois      #...         65%         1    ##.....
 Passwall                 Tmut/Erth      #.......     78%         2    ###....
 Poisonous Vapours        Pois/Air       #.....       78%         2    ###....
 Sticks to Snakes         Tmut           #.......     78%         2    ###....
 Swiftness                Chrm/Air       #.......     78%         2    ###....
 Conjure Flame            Conj/Fire      #.......     95%         3    ####...
 Mephitic Cloud           Conj/Pois/Air  #.......     95%         3    ####...
 Spider Form              Tmut/Pois      #.........   95%         3    ####...
 Cause Fear               Hex            #.........   100%        4    #####..
 Ice Form                 Ice/Tmut       #.......     100%        4    #####..
 Olgreb's Toxic Radiance  Pois           #.......     100%        4    #####..
 Passage of Golubria      Tloc           N/A          100%        4    #####..
 Blade Hands              Tmut           #.........   100%        5    ######.
 Lee's Rapid Deconstruct  Erth           #.........   100%        5    ######.
 Silence                  Hex/Air        #.........   100%        5    ######.
 Venom Bolt               Conj/Pois      #.........   100%        5    ######.
 Yara's Violent Unravell  Hex/Tmut       #.........   100%        5    ######.
 Darkness                 Hex            #.........   100%        6    #######
 Deflect Missiles         Chrm/Air       #.........   100%        6    #######
 Freezing Cloud           Conj/Ice/Air   #.........   100%        6    #######
 Invisibility             Hex            #.......     100%        6    #######
 Malign Gateway           Summ/Tloc      #.........   100%        7    #######
 Monstrous Menagerie      Summ           #.........   100%        7    #######
 Ring of Flames           Chrm/Fire      #.........   100%        7    #######
 Summon Greater Demon     Summ           #.........   100%        7    #######
 Discord                  Hex            #.........   100%        8    #######
 Summon Horrible Things   Summ           #.........   100%        8    #######


Dungeon Overview and Level Annotations

Branches:
Dungeon (14/15)            Temple (0/1) D:4            Lair (6/6) D:11
 Shoals (0/4) Lair:2       Spider (0/4) Lair:2        Slime (0/5) Lair:6
    Orc (2/2) D:12            Elf (0/3) Orc:2        Vaults (0/5) D:14

Altars:
Cheibriados
Elyvilon
Kikubaaqudgha
Nemelex Xobeh
Okawaru
Sif Muna
Trog
Uskayaw
Xom
The Shining One
Beogh

Shops:
D:5 *   Orc:1 [   Orc:2 [=??

Annotations:
D:9 exclusion: orange crystal statue


Innate Abilities, Weirdness & Mutations

You have razor-sharp toenails.
You are partially covered in molten scales. (AC +2)
You are mostly covered in sharp spines.
When hurt, damage is shared between your health and your magic reserves.
You regenerate magic rapidly.
You expend magic power (3 MP) to strengthen your wands.


Message History

* * * LOW HITPOINT WARNING * * *
You are poisoned.
The green ugly thing poisons you!
There is a large open door, spattered with blood here.
Things that are here:
a +2 dagger of distortion; a +0 robe; the human corpse of Josephine
As you read the scroll of teleportation, it crumbles to dust.
You feel strangely unstable.
You feel very sick. The wraith closely misses you.
The cyan ugly thing barely misses you. The green ugly thing tail-slaps you.
* * * LOW HITPOINT WARNING * * *
The wraith barely misses you. The wraith is struck by your spines.
The wraith completely misses you. The cyan ugly thing trunk-slaps you.
* * * LOW HITPOINT WARNING * * *
The cyan ugly thing shocks you!
* * * LOW HITPOINT WARNING * * *
* * * LOW HITPOINT WARNING * * *
You feel sick. The green ugly thing tail-slaps you!
You die...

#.....#..' ..#
#.....#..' ..#
########)†#..###########
.>.....).(..............
.......))).......!......
.#######''#.)###########
.....#.Wu.....#
#.....#.Wu)....#
#.....#..#@....#
#.....#..#.....# #
#.....#..#....∩#
##.##########..#######
................
.$....<@.......
.....WWW.......
..............
..............


You could see 2 ugly things and 2 wraiths.

Vanquished Creatures
  Rupert (D:14)
  2 orc warlords
  An ironheart preserver (D:14)
  A fire dragon (Lair:6)
  Josephine (D:14)
  8 hydras
  2 centaur warriors
  2 death knights (D:13)
  2 two-headed ogres (D:13)
  4 death yaks (Lair:2)
  A tengu warrior (D:13)
  3 orc high priests (Orc:2)
  A fire crab (Lair:6)
  A phantasmal warrior (D:13)
  A swamp dragon (Lair:6)
  A wizard (D:14)
  7 orc knights
  6 orc sorcerers
  5 ugly things
  An oklob plant (Orc:1)
  A manticore (D:11)
  A centaur zombie (D:14)
  A merfolk siren (Lair:2)
  A torpor snail (Lair:5)
  5 black mambas
  A gargoyle (D:13)
  A kobold demonologist (D:14)
  11 spiny frogs
  3 centaur skeletons
  5 freezing wraiths
  8 komodo dragons
  4 rime drakes
  A komodo dragon (shapeshifter) (D:14)
  6 trolls
  A tengu conjurer (D:13)
  Grinder (D:5)
  14 blink frogs
  9 hippogriffs
  4 slime creatures (D:13)
  17 dream sheep
  3 wraiths
  2 wyverns
  3 basilisks
  2 shadows
  4 hogs (D:7)
  A human (D:7)
  74 yaks
  2 steam dragons (Lair:6)
  A hungry ghost (D:7)
  4 vampire mosquitoes (D:13)
  3 wargs (Orc:1)
  An acid dragon (Lair:6)
  13 water moccasins
  Duvessa (D:6)
  8 porcupines
  A swamp drake (Lair:6)
  3 ice beasts
  38 orc warriors
  3 sky beasts
  2 black bears
  3 phantoms
  2 eyes of draining
  12 ogres
  11 wolves
  35 centaurs
  18 crocodiles
  A big kobold (D:11)
  Blork the orc (D:4)
  10 bullfrogs
  Dowan (D:6)
  2 wyvern zombies (D:13)
  A wyvern skeleton (D:11)
  7 scorpions
  13 killer bees
  4 electric eels (D:13)
  3 wights (D:13)
  3 howler monkeys
  7 crimson imps
  2 bullfrog zombies
  A quasit (D:9)
  10 hounds
  9 jellies
  23 orc priests
  27 orc wizards
  3 bullfrog skeletons
  7 iguanas
  13 worker ants
  2 human simulacra (D:11)
  3 hound zombies
  2 howler monkey zombies
  7 gnolls
  A howler monkey skeleton (D:9)
  26 adders
  A river rat (D:4)
  A shadow imp (D:6)
  3 oozes
  An adder skeleton (D:8)
  2 worms
  2 dart slugs
  9 leopard geckos
  97 orcs
  8 bats
  14 giant cockroaches
  2 goblins
  9 hobgoblins
  18 jackals
  4 quokkas
  3 ball pythons (Sewer)
  11 frilled lizards
  15 kobolds
  A quokka skeleton (D:6)
  A quokka zombie (D:7)
  16 rats
  A plant (Lair:5)
804 creatures vanquished.

Vanquished Creatures (others)
  A centaur zombie (D:12)
  An orc warrior (D:6)
  An orc wizard (D:4)
  A leopard gecko (D:6)
  A ball python (D:6)
  A quokka (D:6)
  11 fungi
  10 plants
27 creatures vanquished.

Grand Total: 831 creatures vanquished

Notes
Turn   | Place    | Note
-------+----------+-------------------------------------------
     0 | D:1      | galech the Demonspawn Fighter began the quest for the Orb.
     0 | D:1      | Reached XP level 1. HP: 18/18 MP: 1/1
   165 | D:1      | Gained mutation: When hurt, damage is shared between your
                  | health and your magic reserves. [demonic ancestry]
   165 | D:1      | Reached XP level 2. HP: 23/24 MP: 2/2
   406 | D:1      | You fall through a shaft!
   414 | D:2      | Reached XP level 3. HP: 26/29 MP: 3/3
   458 | D:2      | Found a hide-covered altar of Uskayaw.
   849 | D:1      | Reached XP level 4. HP: 35/35 MP: 4/4
  1768 | D:3      | Reached skill level 1 in Dodging
  2059 | D:3      | Noticed a phantom
  2310 | D:4      | Reached XP level 5. HP: 41/41 MP: 3/5
  2393 | D:4      | Found a glowing drain.
  2406 | Sewer    | Entered a sewer
  2716 | Sewer    | Gained mutation: You regenerate magic rapidly. [demonic
                  | ancestry]
  2716 | Sewer    | Reached XP level 6. HP: 47/47 MP: 6/6
  3192 | D:4      | HP: 1/48 [poisoned by a worker ant]
  3201 | D:5      | Entered Level 5 of the Dungeon
  3471 | D:4      | Found an iron altar of Okawaru.
  3479 | D:4      | Became a worshipper of Warmaster Okawaru
  3497 | D:4      | Identified the +10 quarterstaff of Sajysop {venom, rPois
                  | Str+7 Int+5}
  3581 | D:4      | Noticed Blork the orc
  3590 | D:4      | Killed Blork the orc
  3590 | D:4      | Gained mutation: You are partially covered in sharp spines.
                  | [demonic ancestry]
  3590 | D:4      | Reached XP level 7. HP: 30/54 MP: 4/7
  3776 | D:4      | Found a staircase to the Ecumenical Temple.
  4334 | D:3      | Reached * piety under Okawaru
  4334 | D:3      | Reached skill level 1 in Staves
  4428 | D:5      | Reached skill level 5 in Axes
  4507 | D:5      | Reached skill level 2 in Staves
  4616 | D:5      | Found Qijimm's Assorted Antiques.
  4752 | D:5      | Noticed Grinder
  4759 | D:5      | Paralysed by Grinder for 5 turns
  4767 | D:5      | Paralysed by Grinder for 6 turns
  4774 | D:5      | Killed Grinder
  4774 | D:5      | Reached ** piety under Okawaru
  4774 | D:5      | Reached skill level 3 in Staves
  4774 | D:5      | Reached XP level 8. HP: 37/61 MP: 8/8
  5143 | D:5      | Found an ancient bone altar of Kikubaaqudgha.
  5205 | D:6      | Reached skill level 4 in Staves
  5243 | D:6      | Reached skill level 5 in Armour
  5340 | D:6      | Reached skill level 5 in Fighting
  5431 | D:6      | Noticed Dowan
  5432 | D:6      | Noticed Duvessa
  5433 | D:6      | Found a shimmering altar of Xom.
  5440 | D:6      | Killed Duvessa
  5440 | D:6      | Reached skill level 5 in Staves
  5441 | D:6      | Killed Dowan
  5441 | D:6      | Reached *** piety under Okawaru
  5552 | D:6      | Gained mutation: You are mostly covered in sharp spines.
                  | [demonic ancestry]
  5552 | D:6      | Reached XP level 9. HP: 57/68 MP: 9/9
  5898 | D:6      | Found a snail-covered altar of Cheibriados.
  6164 | D:7      | Reached skill level 6 in Staves
  6310 | D:7      | Reached skill level 7 in Staves
  6317 | D:7      | Reached **** piety under Okawaru
  6646 | D:7      | Found an iron altar of Okawaru.
  6656 | D:7      | Reached skill level 8 in Staves
  6847 | D:7      | Gained mutation: You have sharp toenails. [demonic
                  | ancestry]
  6847 | D:7      | Reached XP level 10. HP: 66/77 MP: 8/10
  6991 | D:8      | Found a sparkling altar of Nemelex Xobeh.
  6992 | D:8      | Found a deep blue altar of Sif Muna.
  6993 | D:8      | Found a glowing golden altar of the Shining One.
  7019 | D:8      | Reached skill level 1 in Stealth
  7035 | D:8      | Got a pair of ichor-stained gloves
  7046 | D:8      | Identified the +0 pair of gloves of Hepliaklqana {MR+ Int+2
                  | Slay+2} (You found it on level 8 of the Dungeon)
  7095 | D:8      | Found a white marble altar of Elyvilon.
  7505 | D:9      | Noticed an orange crystal statue
  7965 | D:9      | Reached skill level 9 in Staves
  8087 | D:9      | Reached ***** piety under Okawaru
  8446 | D:10     | Entered Level 10 of the Dungeon
  8503 | D:10     | Found a deep blue altar of Sif Muna.
  9266 | D:11     | Reached skill level 10 in Staves
  9286 | D:11     | Gained mutation: You have razor-sharp toenails. [demonic
                  | ancestry]
  9286 | D:11     | Reached XP level 11. HP: 76/84 MP: 11/11
  9317 | D:11     | Found a staircase to the Lair.
  9494 | D:11     | Noticed a cyan ugly thing
  9501 | D:11     | Killed a cyan ugly thing
  9501 | D:11     | Received a gift from Okawaru
  9511 | D:11     | Identified a +2 pair of boots of running (Okawaru gifted it
                  | to you on level 11 of the Dungeon)
 10184 | D:12     | Reached skill level 11 in Staves
 10444 | D:12     | Reached ****** piety under Okawaru
 10846 | D:12     | Found a staircase to the Orcish Mines.
 10886 | D:12     | Noticed a purple ugly thing
 10892 | D:12     | Killed a purple ugly thing
 10892 | D:12     | Reached XP level 12. HP: 90/95 MP: 10/12
 11110 | Orc:1    | Entered Level 1 of the Orcish Mines
 11110 | Orc:1    | Found Hotumn's Antique Armour Shop.
 11206 | Orc:1    | Received a gift from Okawaru
 11305 | Orc:1    | Reached skill level 12 in Staves
 11868 | Orc:2    | Entered Level 2 of the Orcish Mines
 11872 | Orc:2    | Found a bloodstained altar of Trog.
 11886 | Orc:2    | Found a staircase to the Elven Halls.
 11907 | Orc:2    | Noticed an orc warlord
 12567 | Orc:2    | Killed an orc warlord
 12591 | Orc:2    | Noticed an orc warlord
 13032 | Orc:1    | Killed an orc warlord
 13412 | Orc:2    | Reached skill level 13 in Staves
 13412 | Orc:2    | Reached skill level 1 in Invocations
 13520 | Orc:2    | Reached skill level 10 in Armour
 13538 | Orc:2    | Reached skill level 10 in Fighting
 14082 | Orc:2    | Paralysed by an orc sorcerer for 2 turns
 14085 | Orc:2    | Reached XP level 13. HP: 78/103 MP: 14/14
 14462 | Orc:2    | Found a roughly hewn altar of Beogh.
 14688 | Orc:2    | Gained mutation: You expend magic power (3 MP) to
                  | strengthen your wands. [a neqoxec]
 14703 | Orc:2    | Found Lopanute's Magic Scroll Shop.
 14703 | Orc:2    | Found Caatygi's Magic Scroll Emporium.
 14710 | Orc:2    | Found Fywirat's Jewellery Shop.
 14710 | Orc:2    | Found Asast's Antique Armour Emporium.
 15080 | Lair:1   | Entered Level 1 of the Lair of Beasts
 15743 | Lair:1   | Got an ichor-stained leather armour
 15754 | Lair:1   | Identified the cursed +0 leather armour "Botha" {MR- Int+5}
                  | (You found it on level 1 of the Lair of Beasts)
 16092 | Lair:1   | Received a gift from Okawaru
 16254 | Lair:2   | Found a hole to the Spider Nest.
 16476 | Lair:2   | Reached skill level 14 in Staves
 17060 | Lair:2   | Found a staircase to the Shoals.
 17437 | Lair:3   | Received a gift from Okawaru
 17997 | Lair:4   | Reached XP level 14. HP: 83/113 MP: 15/15
 19187 | Lair:5   | Received a gift from Okawaru
 19733 | Lair:6   | Entered Level 6 of the Lair of Beasts
 19762 | Lair:6   | Reached skill level 5 in Dodging
 20235 | Lair:6   | Found the ring of the Mage {Wiz MR++ Int+3}
 20243 | Lair:6   | Received a gift from Okawaru
 20261 | Lair:6   | Got a steaming lajatang {god gift}
 20262 | Lair:6   | Identified the +1 lajatang "Seoz" {elec, +Fly} (Okawaru
                  | gifted it to you on level 6 of the Lair of Beasts)
 20500 | Lair:6   | Reached skill level 15 in Staves
 20572 | Lair:6   | Found a staircase to the Slime Pits.
 21154 | Lair:6   | Upgraded the game from 0.24-a0-67-ga78bd38 to
                  | 0.24-a0-70-gf44d0c5
 21806 | D:13     | Received a gift from Okawaru
 22511 | D:13     | Gained mutation: You are partially covered in molten
                  | scales. (AC +2) [demonic ancestry]
 22511 | D:13     | Reached XP level 15. HP: 75/122 MP: 14/16
 22779 | D:13     | Identified a scroll of acquirement
 23237 | D:13     | Received a gift from Okawaru
 23238 | D:13     | Found a roughly hewn altar of Beogh.
 23466 | D:14     | Noticed Josephine
 23594 | D:14     | Found a gate to the Vaults.
 23594 | D:14     | Noticed Rupert
 23615 | D:14     | Killed Rupert
 23618 | D:14     | Killed Josephine
 23636 | D:14     | HP: 6/124 [poisoned by a green ugly thing]
 23636 | D:14     | Slain by a green ugly thing

Vault maps used:
D:1:      dpeg_arrival_court
D:2:      eat_drink_and_be_merry_uskayaw, first_ration, serial_aquarium,
          aquarium_bridge_long_separate, aquarium_window_fake,
          aquarium_window_1, aquarium_window_fake, aquarium_window_fake,
          aquarium_view_2c
D:3:      nicolae_overflow_hidden_temple, minmay_misc_feat_enclosed,
          minmay_misc_feat_cross, corexii_item_surrounded_by_moat
D:4:      lemuel_crystal_altar, temple_green, portal_sewer_entry_e,
          uniq_blork_the_orc
D:5:      marbit_many_paths, serial_curves, eino_curves_04, eino_curves_03,
          serial_shops, shop, uniq_grinder
D:6:      cheibriados_altar_1, xom_confusion_cloud, lightli_orcish_oven,
          uniq_duvessa
D:7:      grunt_livestock, okawaru_trees_2
D:8:      chequers_temple_overflow_statue_of_worship,
          lemuel_coloured_pillars_altar, dk_noncrumbling_3
D:9:      roderic_roman_lattice, minmay_misc_feat_columns,
          minmay_protected_statue
D:10:     basic_altar
D:11:     minmay_lair_entry_grove, bh_circular_ruins
D:13:     layout_basic, special_room [special_room_orc],
          minmay_tree_intersection
D:14:     layout_long_grid, skrybe_vaults_entry_preservation,
          gammafunk_ghost_arena, uniq_josephine, uniq_rupert
Lair:2:   minmay_shoals_entry_lonely_mermaid, spider_nest_entry_web_field
Lair:5:   serial_forest, infiniplex_forest_lined_4_way,
          infiniplex_forest_straight_3, infiniplex_forest_straight_2,
          infiniplex_forest_straight_2, infiniplex_forest_zigzag_1,
          infiniplex_forest_end_2, infiniplex_forest_lined_room_3,
          hangedman_lair_generics_rect
Lair:6:   guppyfry_lair_end_dragon, nicolae_slime_entry_slimehenge,
          grunt_megastairs_1, infiniplex_staircase_pool
Orc:1:    serial_shops, shop, mines3_lemuel
Orc:2:    grunt_orc_tribal_feast, basic_altar, bloody_trog
Sewer:    sewer_frog_island_01

Skill      XL: |  1  2  3  4  5  6  7  8  9 10 11 12 13 14 15 |
---------------+----------------------------------------------+-----
Axes           | 2 3 4 5 |  5.1
Armour         | 3 4 5 6 7 8 10 11 12 | 12.9
Shields        | 3 4 |  4.1
Dodging        | 1 2 3 4 5 |  5.8
Fighting       | 4 5 6 7 9 10 11 12 13 | 13.3
Staves         | 3 5 8 10 11 13 14 15 | 15.6
Stealth        | 1 2 |  2.6
Invocations    | 2 |  2.6

Action                   |  1- 3 |  4- 6 |  7- 9 | 10-12 | 13-15 || total
-------------------------+-------+-------+-------+-------+-------++-------
Melee: War axe           |   124 |   266 |       |       |       ||   390
       Hand axe          |       |    16 |       |       |       ||    16
       Quarterstaff      |       |     7 |   187 |   602 |   902 ||  1698
       Kick              |       |       |       |    13 |       ||    13
Invok: Heroism           |       |       |       |     5 |     5 ||    10
  Use: Scroll            |       |     6 |       |     2 |    18 ||    26
       Potion            |       |     6 |       |       |     1 ||     7
  Eat: Chunk             |       |    10 |    11 |    19 |    29 ||    69
       Ration            |       |       |       |     1 |       ||     1
Armor: Scale mail        |    83 |   193 |    12 |       |       ||   288
       Plate armour      |       |       |   102 |   341 |       ||   443
       Chain mail        |       |       |       |     6 |   529 ||   535
Dodge: Dodged            |    36 |   108 |    70 |   263 |   438 ||   915
Block: Shield            |    72 |   160 |       |       |       ||   232

Table legend:
 A = Non-vault XP
 B = Vault XP
 C = Vault XP percentage of total XP
 D = Non-vault monster count
 E = Vault monster count
 F = Vault count percentage of total count
                 A         B        C        D         E       F
            +---------+---------+-------+---------+---------+-------
      Total |   91898 |   30107 |  24.7 |     653 |     152 |  18.9
            +---------+---------+-------+---------+---------+-------
        D:1 |      49 |       0 |   0.0 |      30 |       0 |   0.0
        D:2 |      81 |       0 |   0.0 |      25 |       0 |   0.0
        D:3 |     180 |       0 |   0.0 |      22 |       0 |   0.0
        D:4 |     392 |     115 |  22.7 |      24 |       9 |  27.3
        D:5 |     521 |     280 |  35.0 |      15 |       2 |  11.8
        D:6 |     899 |     514 |  36.4 |      22 |      11 |  33.3
        D:7 |    1610 |     974 |  37.7 |      34 |       5 |  12.8
        D:8 |    1127 |       0 |   0.0 |      34 |       0 |   0.0
        D:9 |     718 |       0 |   0.0 |      18 |       0 |   0.0
       D:10 |    1027 |       0 |   0.0 |      15 |       0 |   0.0
       D:11 |    7477 |    1856 |  19.9 |      44 |      14 |  24.1
       D:12 |    5172 |       0 |   0.0 |      44 |       0 |   0.0
       D:13 |   14110 |     958 |   6.4 |      61 |      12 |  16.4
       D:14 |    4030 |    7199 |  64.1 |      11 |      11 |  50.0
     Lair:1 |    4883 |       0 |   0.0 |      26 |       0 |   0.0
     Lair:2 |    7778 |     466 |   5.7 |      18 |       1 |   5.3
     Lair:3 |    4018 |       0 |   0.0 |      22 |       0 |   0.0
     Lair:4 |    7454 |       0 |   0.0 |      28 |       0 |   0.0
     Lair:5 |    6195 |    3817 |  38.1 |      16 |       6 |  27.3
     Lair:6 |   11586 |    5617 |  32.7 |      47 |      31 |  39.7
      Orc:1 |    4941 |    3075 |  38.4 |      42 |       6 |  12.5
      Orc:2 |    7650 |    5063 |  39.8 |      55 |      25 |  31.2
      Sewer |       0 |     173 | 100.0 |       0 |      19 | 100.0
            +---------+---------+-------+---------+---------+-------
